 Dungeon Crawl Stone Soup version 0.26-a0-926-g43279f1ce9 (webtiles) character file.

Game seed: 3919751090457010868

21681 EWolf27 the Fighter (level 12, -2/112 HPs)
             Began as a Minotaur Fighter on Nov 26, 2020.
             Was a High Priest of the Shining One.
             Slain by a wolf spider simulacrum (28 damage)
             ... on level 13 of the Dungeon.
             The game lasted 01:09:50 (16213 turns).

EWolf27 the Fighter (Minotaur Fighter)             Turns: 16213, Time: 01:09:51

Health: -2/112     AC: 14    Str: 22    XL:     12   Next: 56%
Magic:  17/17      EV:  8    Int:  7    God:    the Shining One [*****.]
Gold:   1126       SH: 18    Dex: 12    Spells: 11/11 levels left

rFire    . . .     SeeInvis .   a - +1 war axe
rCold    . . .     Faith    .   c - +0 kite shield
rNeg     + + .     Spirit   .   F - +0 chain mail
rPois    .         Reflect  +   (helmet restricted)
rElec    .         Harm     .   (no cloak)
rCorr    .         Rampage  .   (no gloves)
MR       +....                  n - +1 pair of boots
Stlth    ..........             l - amulet of reflection
HPRegen  0.28/turn              w - +4 ring of slaying
MPRegen  0.15/turn              G - ring of protection from magic

@: glowing
A: retaliatory headbutt, horns 2
a: Divine Shield, Cleansing Flame, Summon Divine Warrior, Renounce Religion


You were on level 13 of the Dungeon.
You worshipped the Shining One.
The Shining One was extremely pleased with you.
You visited 1 branch of the dungeon, and saw 13 of its levels.
You also visited: Ossuary.

You collected 1126 gold pieces.

Inventory:

Hand Weapons
 a - a +1 war axe (weapon)
 b - a +0 whip
 t - a +2 dagger of electrocution
Missiles
 j - 16 boomerangs (quivered)
 I - 2 throwing nets
Armour
 c - a +0 kite shield (worn)
 n - a +1 pair of boots (worn)
 F - a +0 chain mail (worn)
Jewellery
 i - an uncursed amulet of magic regeneration {unknown}
 l - an amulet of reflection (around neck)
 m - an uncursed amulet of magic regeneration {unknown}
 w - a +4 ring of slaying (left hand)
 G - a ring of protection from magic (right hand)
Wands
 d - a wand of acid (9)
 x - a wand of polymorph (17)
 E - a wand of flame (59)
 H - a wand of digging (5)
 L - a wand of paralysis (8)
 N - a wand of iceblast (11)
Scrolls
 f - 2 scrolls of amnesia
 g - a scroll of blinking
 h - a scroll of identify
 k - 6 scrolls of remove curse
 o - 2 scrolls of fog
 p - 3 scrolls of fear
 s - 6 scrolls of teleportation
 y - 3 scrolls of enchant armour
 A - 2 scrolls of immolation
Potions
 e - 6 potions of haste
 q - 4 potions of curing
 r - 5 potions of flight
 u - 2 potions of brilliance
 v - 2 potions of lignification
 z - 3 potions of heal wounds
 B - a potion of magic
 C - 2 potions of might
 D - a potion of berserk rage {unknown}
 J - a potion of ambrosia
 K - a potion of resistance {unknown}
 M - a potion of mutation {unknown}


   Skills:
 + Level 11.9 Fighting
 + Level 11.7 Axes
 + Level 11.9 Armour
 + Level 11.9 Shields
 + Level 8.9 Invocations


You had 11 spell levels left.
You didn't know any spells.
Your spell library contained the following spells:

 Spells                   Type           Power        Failure   Level
 Beastly Appendage        Tmut           #.....       98%         1
 Corona                   Hex            #......      98%         1
 Ensorcelled Hibernation  Hex/Ice        #.....       99%         2
 Wereblood                Tmut           #.......     99%         2
 Confusing Touch          Hex            #.......     100%        3
 Dazzling Flash           Conj/Hex       #.....       100%        3
 Spider Form              Tmut/Pois      #.........   100%        3
 Tukima's Dance           Hex            #.......     100%        3
 Ice Form                 Ice/Tmut       #.......     100%        4
 Blade Hands              Tmut           #.........   100%        5


Dungeon Overview and Level Annotations

Branches:
Dungeon (13/15)            Temple (0/1) D:4            Lair (0/6) D:11
    Orc (0/2) D:10         Vaults (0/5) D:13        Ossuary (visited)

Altars:
Dithmenos
Fedhas
Hepliaklqana
Kikubaaqudgha
Makhleb
Okawaru
Qazlal
Uskayaw
Vehumet
Wu Jian
Xom
Zin
The Shining One

Annotations:
D:7 2 runed translucent doors
D:12 exclusion: downstairs
D:13 Rupert, Urug


Innate Abilities, Weirdness & Mutations

You reflexively headbutt those who attack you in melee.
You have a pair of horns on your head.


Message History

You climb downwards.
Level annotation: Rupert, Urug You block the wolf spider simulacrum's attack. x2
The human hits you but does no damage. The human hits you!
The centaur warrior unwields a +0 shortbow.
The centaur warrior hits you! The hound barely misses you.
The wolf spider simulacrum hits you!
The wolf spider simulacrum freezes you!!
The wolf spider simulacrum bites you! The wolf spider simulacrum freezes you!
You block the human's attack. The human hits you but does no damage.
You block the human's attack.
There is a stone staircase leading up, spattered with blood here.
The human hits you but does no damage. You block the hound's attack.
The centaur warrior hits you!
* * * LOW HITPOINT WARNING * * *
You block the wolf spider simulacrum's attack.
The wolf spider simulacrum bites you.
* * * LOW HITPOINT WARNING * * *
The wolf spider simulacrum freezes you!!
You die...

###############
#.........(...#
#.............#
#.....oC......#
#.....p........
#.....ppp....#.
#....ppppO.....
#...pp@ppp.....
#....Zchp......
#.....p.......#
#.....((......#
#.............#
#..............
#######........
.......


You could see Urug, a centaur warrior, a cyclops, 15 humans, an ogre, a hound
and a wolf spider simulacrum.

Vanquished Creatures
  A very ugly thing (D:12)
  Harold (D:8)
  2 hydras
  Erolcha (D:10)
  3 two-headed ogres
  2 tengu warriors (D:12)
  An unseen horror (D:9)
  3 ugly things
  A cyclops (D:12)
  Maurice (D:10)
  A centaur skeleton (D:11)
  A gargoyle (D:11)
  A hornet (D:7)
  3 trolls
  Grinder (D:6)
  A wraith (D:11)
  11 yaks
  A human (D:12)
  2 wyverns
  4 soldier ants (D:7)
  2 water moccasins
  A swamp drake (D:10)
  9 orc warriors
  A hornet zombie (D:9)
  3 sky beasts (D:9)
  4 phantoms
  6 ice beasts
  An eye of draining (D:12)
  7 ogres
  2 black bears
  5 centaurs
  A big kobold (D:9)
  11 bullfrogs
  2 wyvern zombies
  A wyvern skeleton (D:11)
  12 killer bees
  3 howler monkeys (D:7)
  15 wights
  A vampire bat (D:5)
  4 hounds
  2 quasits
  A bullfrog skeleton (D:10)
  11 orc priests
  3 centaur zombies
  2 jellies (D:10)
  11 orc wizards
  Jessica (D:3)
  5 iguanas
  13 worker ants
  A big kobold zombie (Ossuary)
  A hound zombie (D:8)
  2 worker ant zombies
  9 mummies
  2 gnolls (D:2)
  13 adders
  A howler monkey skeleton (D:10)
  3 shadow imps
  2 white imps
  3 ufetubi
  2 oozes
  2 worms (D:2)
  6 dart slugs
  5 leopard geckos
  48 orcs
  6 giant cockroaches
  5 goblins
  17 hobgoblins
  15 jackals
  16 kobolds
  9 quokkas
  A ball python (D:1)
  17 bats
  4 frilled lizards
  2 gnoll zombies (Ossuary)
  2 hobgoblin zombies (Ossuary)
  2 kobold zombies (Ossuary)
  An orc zombie (Ossuary)
  10 rats
389 creatures vanquished.

Vanquished Creatures (others)
  4 plants
4 creatures vanquished.

Grand Total: 393 creatures vanquished

Notes
Turn   | Place    | Note
-------+----------+-------------------------------------------
     0 | D:1      | EWolf27 the Minotaur Fighter began the quest for the Orb.
     0 | D:1      | Reached XP level 1. HP: 19/19 MP: 0/0
   215 | D:1      | Reached XP level 2. HP: 27/27 MP: 1/1
   920 | D:1      | Reached XP level 3. HP: 33/33 MP: 2/2
  1671 | D:2      | Reached XP level 4. HP: 40/41 MP: 3/3
  1933 | D:2      | Found a hide-covered altar of Uskayaw.
  2053 | D:3      | Found a glowing golden altar of the Shining One.
  2056 | D:3      | Became a worshipper of the Shining One
  2263 | D:2      | Found an iron altar of Okawaru.
  2264 | D:2      | Reached XP level 5. HP: 47/47 MP: 4/4
  2356 | D:3      | Noticed Jessica
  2433 | D:3      | Noticed a phantom
  2449 | D:3      | Killed a phantom
  2450 | D:3      | Reached skill level 5 in Fighting
  2450 | D:3      | Reached skill level 5 in Armour
  2450 | D:3      | Reached skill level 5 in Shields
  2450 | D:3      | Reached XP level 6. HP: 41/56 MP: 5/5
  3016 | D:3      | Killed Jessica
  3306 | D:3      | You fall into a shaft and drop 1 floor!
  3324 | D:4      | Found a staircase to the Ecumenical Temple.
  3898 | D:4      | Reached skill level 5 in Axes
  3898 | D:4      | Reached XP level 7. HP: 62/62 MP: 6/6
  3932 | D:4      | Found a glowing silver altar of Zin.
  3932 | D:4      | Found an ornate altar of the Wu Jian Council.
  4208 | D:5      | Entered Level 5 of the Dungeon
  4217 | D:5      | Found a stormy altar of Qazlal.
  4468 | D:5      | Found a blossoming altar of Fedhas.
  4612 | D:5      | Reached * piety under the Shining One
  4616 | D:5      | Reached skill level 1 in Invocations
  4870 | D:5      | Found a blossoming altar of Fedhas.
  5579 | D:6      | Reached XP level 8. HP: 61/71 MP: 8/8
  5824 | D:6      | Found a sand-covered staircase.
  5824 | D:6      | Noticed Grinder
  5835 | D:6      | Killed Grinder
  5840 | Ossuary  | Entered an ossuary
  5922 | Ossuary  | Reached ** piety under the Shining One
  7277 | D:7      | Found a radiant altar of Vehumet.
  7289 | D:7      | Reached *** piety under the Shining One
  7510 | D:7      | Reached XP level 9. HP: 73/80 MP: 10/10
  7591 | D:7      | Found a runed translucent gate.
  7591 | D:7      | Found a runed translucent gate.
  7592 | D:7      | Found a runed translucent gate.
  7603 | D:7      | Found a runed translucent door.
  7742 | D:7      | Found the +9 staff of Olgreb {rPois∞}
  7782 | D:7      | Found a runed translucent door.
  8074 | D:7      | Found a shimmering altar of Xom.
  8864 | D:8      | Reached skill level 5 in Invocations
  9004 | D:8      | Reached **** piety under the Shining One
  9062 | D:8      | Reached XP level 10. HP: 90/90 MP: 12/12
  9170 | D:8      | Found a hazy altar of Hepliaklqana.
  9174 | D:8      | Noticed Harold
  9188 | D:8      | Killed Harold
 10128 | D:8      | Found a burning altar of Makhleb.
 10709 | D:9      | Noticed a two-headed ogre
 10716 | D:9      | Killed a two-headed ogre
 10764 | D:9      | Found a shadowy altar of Dithmenos.
 10794 | D:9      | Reached skill level 10 in Fighting
 10811 | D:9      | Noticed a two-headed ogre
 10811 | D:9      | Noticed an unseen horror
 10820 | D:9      | Killed a two-headed ogre
 10821 | D:9      | Reached skill level 10 in Armour
 10821 | D:9      | Reached skill level 10 in Shields
 10821 | D:9      | Reached XP level 11. HP: 99/99 MP: 14/14
 10825 | D:9      | Found an ancient bone altar of Kikubaaqudgha.
 10843 | D:9      | Killed an unseen horror
 11255 | D:10     | Entered Level 10 of the Dungeon
 11350 | D:10     | Reached skill level 10 in Axes
 11478 | D:10     | Reached ***** piety under the Shining One
 11808 | D:10     | Found a staircase to the Orcish Mines.
 12147 | D:10     | Noticed Maurice
 12147 | D:10     | Noticed Erolcha
 12153 | D:10     | Killed Erolcha
 12157 | D:10     | Killed Maurice
 12399 | D:11     | Noticed a two-headed ogre
 12406 | D:11     | Killed a two-headed ogre
 12773 | D:11     | Noticed a seven-headed hydra
 12790 | D:11     | Killed a seven-headed hydra
 13278 | D:11     | Reached XP level 12. HP: 110/110 MP: 17/17
 13498 | D:11     | Found a staircase to the Lair.
 13892 | D:12     | Found a shadowy altar of Dithmenos.
 13892 | D:12     | Noticed a tengu warrior
 13892 | D:12     | Noticed a purple very ugly thing
 13925 | D:12     | Killed a purple very ugly thing
 13933 | D:12     | Killed a tengu warrior
 14652 | D:12     | Noticed a four-headed hydra
 14662 | D:12     | Killed a four-headed hydra
 16111 | D:13     | Found a gate to the Vaults.
 16111 | D:13     | Noticed Urug
 16111 | D:13     | Noticed Rupert
 16111 | D:13     | Noticed a centaur warrior
 16111 | D:13     | Noticed a tengu warrior
 16120 | D:12     | Killed a tengu warrior
 16213 | D:13     | Slain by a wolf spider simulacrum

Illustrated notes

Levels and vault maps discovered:
D:1:      wander_arrival_chamber, layout_loops_corners
D:2:      layout_rooms, eat_drink_and_be_merry_uskayaw,
          okawaru_altar_gauntlet_db, kennysheep_generic_room_5
D:3:      layout_basic, tso_oasis_becter, chequers_ecumenical_altar_grove,
          chequers_big_river, item_on_display_a, uniq_jessica
D:4:      layout_basic, gammafunk_temple_overflow_statue,
          minmay_temple_entry_sparse_star, minmay_misc_feat_diagonals
D:5:      layout_basic, lemuel_doored_altar, old_standard_altar,
          roderic_batcave, minmay_misc_feat_x, fedhas_altar_1
D:6:      layout_loops_corners, gup_ossuary_entry_pyramid, uniq_grinder
D:7:      layout_gridville, vehumet_altar_wand_db, old_standard_altar,
          minmay_guarded_unrand_staff_of_olgreb
D:8:      layout_basic, general_overflow_altar, old_standard_altar,
          sword_in_stone, uniq_harold
D:9:      layout_basic, grunt_dithmenos_smoke_and_mirrors, old_standard_altar
D:10:     layout_cave_pools, erik_orc_1, uniq_maurice, uniq_erolcha
D:11:     layout_irregular_city, lair_entry_dummy, gauntlet_entry_generic
D:12:     layout_cave_pods, minmay_ruined_shrine
D:13:     layout_basic, david_vaults_3, serial_shops,
          nicolae_shop_competitors_out_of_business, gammafunk_ghost_necromancy

Skill      XL: |  1  2  3  4  5  6  7  8  9 10 11 |
---------------+----------------------------------+-----
Fighting       | 4 5 6 7 8 10 11 | 11.9
Armour         | 4 5 6 7 8 10 11 | 11.9
Shields        | 4 5 6 7 8 10 11 | 11.9
Axes           | 3 4 5 7 8 9 11 | 11.7
Invocations    | 1 3 5 6 8 |  8.9

Action                   |  1- 3 |  4- 6 |  7- 9 | 10-12 || total
-------------------------+-------+-------+-------+-------++-------
Melee: War axe           |    74 |   162 |   276 |   444 ||   956
       Headbutt          |     8 |    18 |    50 |   103 ||   179
       Whip              |       |       |       |    17 ||    17
Throw: Boomerang         |       |       |       |     9 ||     9
Invok: Divine Shield     |       |       |     1 |     5 ||     6
  Use: Scroll            |       |     3 |     9 |     9 ||    21
       Potion            |       |       |     1 |     1 ||     2
Armor: Scale mail        |    34 |    93 |    44 |       ||   171
       Chain mail        |       |       |    38 |   156 ||   194
Dodge: Dodged            |    17 |    59 |    57 |    84 ||   217
Block: Kite shield       |    46 |   113 |   232 |   457 ||   848
       Reflection        |       |       |     8 |    25 ||    33

Table legend: (Time is in decaauts)
 A = Elapsed time spent in this place.
 B = Non-inter-level travel time spent in this place.
 C = Inter-level travel time spent in this place.
 D = Time resting spent in this place.
 E = Time spent auto-exploring this place.
 F = Levels seen in this place.
 G = Mean time per level.
                   A        B        C        D        E       F      G
               +--------+--------+--------+--------+--------+-----+--------+
         Total |  16397 |  15814 |    583 |   4927 |   3478 |  14 | 1171.2 |
       Dungeon |  15856 |  15273 |    583 |   4644 |   3478 |  13 | 1219.7 |
       Ossuary |    541 |    541 |      0 |    283 |      0 |   1 |  541.0 |
               +--------+--------+--------+--------+--------+-----+--------+

Top non-repeatable levels by time:
    D:12: 2419 daAuts
     D:7: 1933 daAuts
     D:1: 1595 daAuts
     D:8: 1594 daAuts
    D:11: 1419 daAuts
     D:5: 1206 daAuts
    D:10: 1109 daAuts
     D:6: 1015 daAuts
     D:3: 985 daAuts
     D:4: 912 daAuts
     D:9: 832 daAuts
     D:2: 827 daAuts
 Ossuary: 541 daAuts
    D:13: 5 daAuts
